 Dungeon Crawl Stone Soup version 0.25.1-4-g9407a263a5 (webtiles) character file.

Game seed: 12563450893918891318

52 Clowwww the Chopper (level 3, -1/27 HPs)
             Began as a Demonspawn Gladiator on Nov 28, 2020.
             Slain by an adder (2 damage)
             ... on level 3 of the Dungeon.
             The game lasted 00:03:03 (1578 turns).

Clowwww the Chopper (Demonspawn Gladiator)          Turns: 1578, Time: 00:03:04

Health: -1/27      AC:  4    Str: 15    XL:     3   Next: 60%
Magic:  3/3        EV: 13    Int:  9    God:
Gold:   140        SH:  0    Dex: 14    Spells: 2/2 levels left

rFire    . . .     SeeInvis .   a - +0 war axe
rCold    . . .     Gourm    .   (no shield)
rNeg     . . .     Faith    .   b - +0 leather armour
rPois    .         Spirit   .   c - +0 helmet
rElec    .         Reflect  .   (no cloak)
rCorr    .         Harm     .   (no gloves)
MR       .....                  (no boots)
Stlth    ++........             (no amulet)
HPRegen  0.09/turn              (no ring)
MPRegen  0.08/turn              (no ring)

@: brilliant
A: nightstalker 1
a: no special abilities


You were on level 3 of the Dungeon.
You were not hungry.

You visited 1 branch of the dungeon, and saw 3 of its levels.

You collected 140 gold pieces.

Inventory:

Hand Weapons
 a - a +0 war axe (weapon)
Missiles
 d - 3 throwing nets (quivered)
Armour
 b - a +0 leather armour (worn)
 c - a +0 helmet (worn)
Jewellery
 g - a +6 ring of strength {unknown}
Wands
 n - a wand of iceblast (9)
Scrolls
 e - 3 scrolls of identify {unknown}
 j - a scroll of magic mapping {unknown}
 m - a scroll of enchant weapon {unknown}
Potions
 k - a potion of curing {unknown}
 l - a potion of lignification {unknown}
Comestibles
 f - 2 rations
 h - 2 chunks of flesh


   Skills:
 + Level 2.1 Fighting
 + Level 3.5 Axes
 + Level 1.8 Throwing
 + Level 0.3 Armour
 + Level 3.1 Dodging
 + Level 0.9 Stealth


You had 2 spell levels left.
You didn't know any spells.
Your spell library was empty.

Dungeon Overview and Level Annotations

Branches:
Dungeon (2/15)

Altars:
The Shining One


Innate Abilities, Weirdness & Mutations

You are slightly more attuned to the shadows.


Message History

The worm bites you.
You barely miss the worm.
The worm is heavily wounded.
You barely miss the adder. The adder barely misses you.
The adder closely misses you. The worm bites you!
* * * LOW HITPOINT WARNING * * *
The quokka closely misses you. The quokka misses you.
You feel sick. The adder barely misses you. The adder barely misses you.
The quokka barely misses you.
You feel sick. The adder bites you but does no damage.
You feel sick.
You are no longer poisoned.
The adder bites you but does no damage.
It was a potion of brilliance.
You feel clever all of a sudden. The adder bites you.
* * * LOW HITPOINT WARNING * * *
The adder bites you.
You die...

#.... #### ##### #?... ...#
#...# #... ...##########...# ...
...÷............# #.#
....#.....###.### #.#########
###.#..÷..###.######...........
....+.....'.....@Sr......>...s.#
####.#.#..####.####.#w.........#
.# #(._..## #..# #.#..........#
.# ###.#^# ###.###.#..........#
.# #...# #....##.#..w.......# .#
##### #....##.#..........# .#
#....##.#..........# .#
#.....#.#..........# .#
#...#.#.#.?..†.....+


You could see a worm, an adder and a quokka.

Vanquished Creatures
  An adder (D:3)
  A dart slug (D:1)
  A leopard gecko (D:3)
  A ball python (D:3)
  5 giant cockroaches
  6 goblins
  3 hobgoblins
  2 jackals (D:1)
  3 kobolds (D:1)
  A quokka (D:3)
  4 bats
  5 frilled lizards
  A jackal skeleton (D:3)
  3 rats
37 creatures vanquished.

Notes
Turn   | Place    | Note
-------+----------+-------------------------------------------
     0 | D:1      | Clowwww the Demonspawn Gladiator began the quest for the
                  | Orb.
     0 | D:1      | Reached XP level 1. HP: 16/16 MP: 1/1
   241 | D:1      | Gained mutation: You are slightly more attuned to the
                  | shadows. [demonic ancestry]
   241 | D:1      | Reached XP level 2. HP: 12/22 MP: 2/2
  1135 | D:2      | You fall into a shaft and drop 1 floor!
  1159 | D:3      | Reached XP level 3. HP: 27/27 MP: 3/3
  1334 | D:3      | Found a glowing golden altar of the Shining One.
  1578 | D:3      | HP: 1/27 [adder (3)]
  1578 | D:3      | Slain by an adder

Illustrated notes

Levels and vault maps discovered:
D:1:      scummos_arrival_simple_fountains, layout_basic, serial_bayou_pond_d,
          st_stairs_8
D:2:      layout_loops_ring, chequers_ecumenical_altar_simple,
          minmay_misc_feat_iff, minmay_bisected
D:3:      layout_basic, lemuel_crystal_altar

Skill      XL: |  1  2 |
---------------+-------+-----
Dodging        | 3 |  3.1
Axes           | 3 |  3.5
Fighting       | |  2.1
Throwing       | |  1.8
Armour         | |  0.3
Stealth        | |  0.9

Action                   || total
-------------------------++-------
Melee: War axe           ||   105
  Use: Scroll            ||     4
       Potion            ||     1
 Stab: Sleeping          ||     4
  Eat: Chunk             ||     2
Armor: Leather armour    ||    34
Dodge: Dodged            ||   102
